 Dungeon Crawl Stone Soup version 0.29-a0-275-g389c0b56f3 (webtiles) character file.

Game seed: 4433161590577007560

1382 testman the Reanimator (level 8, 0/69 HPs)
             Began as a Deep Dwarf Necromancer on Mar 9, 2022.
             Slain by a vampire (5 damage)
             ... on level 5 of the Dungeon.
             The game lasted 00:32:14 (5532 turns).

testman the Reanimator (Deep Dwarf Necromancer)     Turns: 5532, Time: 00:32:15

Health: 0/69       AC: 12    Str:  9    XL:     8   Next: 40%
Magic:  16/16      EV: 11    Int: 19    God:
Gold:   335        SH:  0    Dex: 13    Spells: 8/17 levels left

rFire   + . .      SeeInvis .   q - +2 dagger (venom)
rCold   . . .      Faith    .   e - +2 buckler
rNeg    . . .      Spirit   .   i - +2 leather armour {rF+}
rPois   .          Reflect  .   (no helmet)
rElec   .          Harm     .   x - +0 cloak
rCorr   .          Rampage  .   g - +2 pair of gloves
Will    +....                   E - +2 pair of boots
Stlth   +.........              (no amulet)
HPRegen 0.00/turn               c - ring of wizardry
MPRegen 0.15/turn               D - ring of flight

@: confused, flying, hasted, unable to read, very quick
A: damage resistance, heal wounds, sense surroundings 1, no regeneration, hooves
1, weak 1, inability to read while threatened
a: Heal Wounds


You were on level 5 of the Dungeon.
You visited 1 branch of the dungeon, and saw 6 of its levels.

You collected 335 gold pieces.

Inventory:

Hand Weapons
 q - a +2 dagger of venom (weapon)
 r - a +0 hunting sling
Missiles
 d - 113 stones
 w - 5 silver boomerangs
Armour
 e - a +2 buckler (worn)
 g - a +2 pair of gloves (worn)
 i - a +2 leather armour of fire resistance (worn)
 x - a +0 cloak (worn)
 E - a +2 pair of boots (worn)
Jewellery
 c - a ring of wizardry (left hand)
 j - a ring of ice
 k - an amulet of faith
 C - a ring of resist corrosion
 D - a ring of flight (right hand)
Wands
 h - a wand of flame (33)
Scrolls
 a - a scroll of amnesia {unknown}
 m - 2 scrolls of blinking
 n - 3 scrolls of teleportation
 o - 2 scrolls of fog
 p - a scroll of vulnerability {unknown}
 s - a scroll of noise {unknown}
 u - 2 scrolls of magic mapping {unknown}
 y - a scroll of fear {unknown}
Potions
 b - 2 potions of magic
 l - a potion of flight {unknown}
 t - a potion of curing
 v - a potion of lignification {unknown}
 z - a potion of heal wounds {unknown}
 B - a potion of degeneration {unknown}


   Skills:
 + Level 3.4 Fighting
 - Level 2.2 Dodging
 - Level 2.4 Stealth
 - Level 4.0 Shields
 + Level 5.3 Spellcasting
 + Level 8.0 Necromancy


You had 8 spell levels left.
You knew the following spells:

 Your Spells              Type           Power      Damage    Failure   Level
a - Pain                  Necr           100%       1d9       1%          1
b - Animate Skeleton      Necr           70%        N/A       1%          1
c - Vampiric Draining     Necr           35%        2d8       1%          3
d - Animate Dead          Necr           17%        N/A       3%          4

Your spell library contained the following spells:

 Spells                   Type           Power      Damage    Failure   Level
 Agony                    Necr           35%        N/A       9%          5
 Excruciating Wounds      Necr           17%        N/A       9%          5
 Gell's Gravitas          Tloc           5%         N/A       26%         3
 Lesser Beckoning         Tloc           5%         N/A       26%         3
 Portal Projectile        Hex/Tloc       10%        N/A       26%         3
 Teleport Other           Tloc           5%         N/A       26%         3
 Petrify                  Tmut/Erth      5%         N/A       61%         4
 Blade Hands              Tmut           2%         N/A       91%         5
 Metabolic Englaciation   Hex/Ice        2%         N/A       91%         5
 Statue Form              Tmut/Erth      3%         N/A       100%        6


Dungeon Overview and Level Annotations

Branches:
Dungeon (6/15)
 Temple: D:4-7

Altars:
The Shining One

Shops:
D:1 :   D:4 :

Annotations:
D:5 3 runed translucent doors, Esekla's ghost, amateur OpDe


Innate Abilities, Weirdness & Mutations

You are resistant to damage.
You can heal yourself by infusing magical energy.
You passively map a small area around you.
You do not regenerate.
You have large cloven feet.
You are weak. (Str -2)
You sometimes lose the ability to read scrolls when taking damage.


Message History

You barely miss the vampire.
The vampire is lightly damaged.
The vampire hits you but does no damage.
The vampire bites you.
The vampire draws strength from your injuries!
You hit the vampire but do no damage.
The vampire is lightly damaged.
You block the vampire's attack. The vampire closely misses you.
You hit the vampire but do no damage.
The vampire is lightly damaged.
The vampire mumbles some strange words.
The vampire flickers and vanishes!
Deactivating autopickup; reactivate with Ctrl-A.
You hit something but do no damage. Something hits you but does no damage.
Something bites you.
* * * LOW HITPOINT WARNING * * *
Something draws strength from your injuries!
You hit something but do no damage. Something hits you but does no damage.
Something bites you.
* * * LOW HITPOINT WARNING * * *
Something draws strength from your injuries!
You hit something. Something hits you but does no damage.
Something bites you but does no damage.
You hit something but do no damage. Something hits you!
* * * LOW HITPOINT WARNING * * *
Something bites you but does no damage.
You closely miss something. Something hits you but does no damage.
Something bites you!
You feel threatened and lose the ability to read scrolls!
* * * LOW HITPOINT WARNING * * *
Something draws strength from your injuries!
You feel yourself speed up. Something hits you. Something bites you.
* * * LOW HITPOINT WARNING * * *
Something draws strength from your injuries!
You can read scrolls again.
You hear some strange, mumbled words.
You are confused.
Something hits you!
You feel threatened and lose the ability to read scrolls!
You die...

### ### , ### #.###.# ### #
#.###.....###.# .##*
##..#.......#..###..##
##...............#..... *
#####..(..#.....#.........*
,
..........##...##.........#
*
*####.....#.....#.........#
####...{@..........#..... ,
#.###..#.......#..###..#.
##.....###.....###.....###
##.......#..###..#.......#.
#............#.............
###.....#.........#.....#..
##...##.........##...##.. ,
###.....#.........#.....#..
..*
#............#.............


There were no monsters in sight!

Vanquished Creatures
  A two-headed ogre (D:5)
  An ice beast (D:5)
  A black bear (D:5)
  A phantom (D:4)
  A scorpion (D:4)
  A hound (D:5)
  A jelly (D:4)
  A gnoll shaman (D:4)
  An iguana (D:4)
  2 orc wizards (D:5)
  12 gnolls
  9 adders
  2 worms
  6 dart slugs
  8 orcs
  7 endoplasms
  4 giant cockroaches
  12 goblins
  8 hobgoblins
  10 jackals
  4 kobolds
  5 quokkas
  6 ball pythons
  2 bats
  2 frilled lizards (D:1)
  11 rats
119 creatures vanquished.

Notes
Turn   | Place    | Note
-------+----------+-------------------------------------------
     0 | D:1      | testman the Deep Dwarf Necromancer began the quest for the
                  | Orb.
     0 | D:1      | Reached XP level 1. HP: 15/15 MP: 3/3
     5 | D:1      | Learned a level 1 spell: Animate Skeleton
   233 | D:1      | Reached XP level 2. HP: 22/22 MP: 0/5
   432 | D:1      | Found a faded altar of an unknown god.
   582 | D:1      | Found Kytul's Book Emporium.
   906 | D:2      | Reached skill level 5 in Necromancy
   906 | D:2      | Reached XP level 3. HP: 22/28 MP: 3/6
   910 | D:2      | Learned a level 3 spell: Vampiric Draining
  1411 | D:2      | Found a glowing golden altar of the Shining One.
  1497 | D:2      | Reached XP level 4. HP: 34/36 MP: 6/8
  2022 | D:3      | You fall into a shaft and drop 3 floors!
  2022 | D:6      | Noticed a steam dragon
  2025 | D:6      | Noticed an ice beast
  2030 | D:5      | Entered Level 5 of the Dungeon
  2232 | D:5      | Reached skill level 1 in Shields
  2259 | D:5      | Noticed an ice beast
  2282 | D:5      | Reached XP level 5. HP: 40/42 MP: 4/9
  2290 | D:5      | Killed an ice beast
  2291 | D:5      | Reached skill level 6 in Necromancy
  2395 | D:5      | Noticed a two-headed ogre
  2398 | D:5      | Reached XP level 6. HP: 40/49 MP: 1/11
  3000 | D:4      | Gained mutation: You are weak. (Str -2) [potion of
                  | mutation]
  3000 | D:4      | Gained mutation: You sometimes lose the ability to read
                  | scrolls when taking damage. [potion of mutation]
  3000 | D:4      | Gained mutation: You are partially covered in iridescent
                  | scales. (AC +2) [potion of mutation]
  3004 | D:4      | HP: 2/49 [phantom (2)]
  3561 | D:3      | Learned a level 4 spell: Animate Dead
  3753 | D:3      | Reached XP level 7. HP: 50/55 MP: 5/13
  4665 | D:4      | Reached skill level 1 in Fighting
  4781 | D:4      | Found Rittugie's Book Shoppe.
  4935 | D:5      | Found a runed translucent gate.
  4936 | D:5      | Found a runed translucent gate.
  4937 | D:5      | Found a runed translucent gate.
  4938 | D:5      | Noticed Esekla's ghost (amateur OpDe)
  4980 | D:5      | Reached skill level 7 in Necromancy
  5185 | D:5      | Noticed a vampire
  5235 | D:5      | Killed a two-headed ogre
  5236 | D:5      | Reached skill level 5 in Spellcasting
  5236 | D:5      | Reached skill level 8 in Necromancy
  5236 | D:5      | Reached XP level 8. HP: 19/69 MP: 0/16
  5244 | D:5      | Lost mutation: You are partially covered in iridescent
                  | scales. (AC +2) [potion of mutation]
  5244 | D:5      | Lost mutation: You are weak. (Str -2) [potion of mutation]
  5244 | D:5      | Gained mutation: You have large cloven feet. [potion of
                  | mutation]
  5244 | D:5      | Gained mutation: You are weak. (Str -2) [potion of
                  | mutation]
  5532 | D:5      | Slain by a vampire

Illustrated notes

Levels and vault maps discovered:
D:1:      grunt_arrival_lava_bath, layout_rooms, serial_shops,
          nicolae_shop_hallway_plus, chequers_ecumenical_altar_twisty
D:2:      layout_basic, basic_altar
D:3:      minmay_general_purpose_star, layout_basic,
          kennysheep_decorative_pillar, kennysheep_potato
D:4:      layout_rooms, serial_shops, shop
D:5:      nicolae_cairo_tiling_large_dashed, layout_loops_ring,
          gammafunk_ghost_necromancy
D:6:      layout_basic, st_stairs_11, uniq_crazy_yiuf_cottage, uniq_sigmund,
          uniq_grinder

Skill      XL: |  1  2  3  4  5  6  7 |
---------------+----------------------+-----
Spellcasting   | 2 3 4 5 |  5.3
Necromancy     | 5 6 8 |  8.0
Shields        | 1 2 3 4 |  4.0
Fighting       | 3 |  3.4
Dodging        | |  2.2
Stealth        | |  2.4

Action                   |  1- 3 |  4- 6 |  7- 9 || total
-------------------------+-------+-------+-------++-------
Melee: Dagger            |    61 |   103 |    57 ||   221
Throw: Boomerang         |       |     1 |     3 ||     4
 Cast: Pain              |    40 |    32 |    23 ||    95
       Vampiric Draining |     5 |    42 |    18 ||    65
 Abil: Heal Wounds       |       |     1 |       ||     1
  Use: Scroll            |       |     4 |       ||     4
       Potion            |       |     3 |     2 ||     5
 Stab: Sleeping          |     2 |     2 |       ||     4
       Invisible         |       |     1 |       ||     1
Armor: Leather armour    |    17 |    30 |    34 ||    81
Dodge: Dodged            |    19 |    56 |    35 ||   110
Block: Buckler           |    15 |    34 |    13 ||    62

Table legend: (Time is in decaauts)
 A = Elapsed time spent in this place.
 B = Non-inter-level travel time spent in this place.
 C = Inter-level travel time spent in this place.
 D = Time resting spent in this place.
 E = Time spent auto-exploring this place.
 F = Levels seen in this place.
 G = Mean time per level.
                   A        B        C        D        E       F      G
               +--------+--------+--------+--------+--------+-----+--------+
         Total |   5529 |   5387 |    142 |   1836 |   2495 |   6 |  921.5 |
       Dungeon |   5529 |   5387 |    142 |   1836 |   2495 |   6 |  921.5 |
               +--------+--------+--------+--------+--------+-----+--------+

Top non-repeatable levels by time:
     D:5: 1527 daAuts
     D:3: 1124 daAuts
     D:2: 1074 daAuts
     D:4: 955 daAuts
     D:1: 840 daAuts
     D:6: 7 daAuts
